| TOP OF THE 1ST |
|
Cocoa Flyers batting - Pitching for Lakeland Pilots : RHP Emilio Bejar
|
|
Pitching: RHP Emilio Bejar
|
|
|
Batting: RHB Danny Arroyo
|
0-0: Ball 1-0: Bunt for hit to 5S - play at first, batter safe!
|
|
Batting: RHB Lorenzo Quintanilla
|
0-0: Ball 1-0: Fly out, F7 (Flyball, 7LD, EV 90.6 MPH)
|
|
Batting: LHB Gary Robertson
|
0-0: Ball 1-0: Swinging Strike 1-1: Called Strike 1-2: Ball 2-2: Ball 3-2: Strikes out swinging
|
|
Batting: RHB Larry McNutt
|
0-0: Ball Danny Arroyo steals 2nd, throwing error, E2 Danny Arroyo to third 1-0: Ball 2-0: Ball 3-0: Called Strike 3-1: Foul Ball, location: 2F 3-2: Fly out, F7 (Line Drive, 7D, EV 105.0 MPH)
|
| Top of the 1st over - 0 runs, 1 hit, 1 error, 1 left on base; Cocoa 0 - Lakeland 0 |
| BOTTOM OF THE 1ST |
|
Lakeland Pilots batting - Pitching for Cocoa Flyers : RHP Ken Pryce
|
|
Pitching: RHP Ken Pryce
|
|
|
Batting: RHB Nick Capra
|
0-0: Foul Ball, location: 2F 0-1: Foul Ball, location: 2F 0-2: Ball 1-2: Fly out, F6 (Popup, 6M, EV 49.4 MPH)
|
|
Batting: RHB Dave C Anderson
|
0-0: Swinging Strike 0-1: Ground out 5-3 (Groundball, 56S, EV 88.8 MPH)
|
|
Batting: SHB Mike D Young
|
0-0: Ball 1-0: Ball 2-0: Fly out, F6 (Popup, 6M, EV 67.5 MPH)
|
| Bottom of the 1st over - 0 runs, 0 hits, 0 errors, 0 left on base; Cocoa 0 - Lakeland 0 |
| TOP OF THE 2ND |
|
Cocoa Flyers batting - Pitching for Lakeland Pilots : RHP Emilio Bejar
|
|
Batting: LHB Shanie Dugas
|
0-0: Ball 1-0: SINGLE (Groundball, 34D, EV 96.9 MPH)
|
|
Batting: RHB Johnny Salery
|
0-0: Ball 1-0: Ball 2-0: Ball 3-0: Called Strike 3-1: Base on Balls Shanie Dugas to second
|
|
Batting: RHB Jorge Diaz
|
0-0: Ball 1-0: Called Strike 1-1: Ball 2-1: SINGLE (Groundball, 34D, EV 110.0 MPH) Shanie Dugas to third Johnny Salery to second Runner from 3rd tries for Home, SAFE, throw by RF to home
|
|
Batting: RHB Miguel Dominguez
|
0-0: Ball 1-0: Fly out, F9 (Line Drive, 9, EV 111.3 MPH)
|
|
Batting: RHB David McClure
|
0-0: Called Strike 0-1: Swinging Strike 0-2: Ball 1-2: Strikes out swinging
|
|
Batting: RHB Danny Arroyo
|
0-0: Swinging Strike 0-1: Ball 1-1: Foul Ball, location: 2F 1-2: Strikes out looking
|
| Top of the 2nd over - 1 run, 2 hits, 0 errors, 2 left on base; Cocoa 1 - Lakeland 0 |
| BOTTOM OF THE 2ND |
|
Lakeland Pilots batting - Pitching for Cocoa Flyers : RHP Ken Pryce
|
|
Batting: LHB Mike Laga
|
0-0: Ball 1-0: Ball 2-0: Ball 3-0: Called Strike 3-1: Foul Ball, location: 2F 3-2: TRIPLE (Line Drive, 8RXD, EV 106.9 MPH)
|
|
Batting: LHB Randy S Johnson
|
0-0: Ball 1-0: Ball 2-0: Ball 3-0: Called Strike 3-1: Base on Balls
|
|
Batting: RHB Rusty Tillman
|
0-0: Ball 1-0: Ball 2-0: Ball 3-0: Base on Balls Randy S Johnson to second
|
|
Batting: LHB Larry Ray
|
0-0: Grounds into double play, 6-4-3 (Groundball, 6, EV 109.4 MPH) Mike Laga scores Randy S Johnson to third
|
|
Batting: RHB Juan Espino
|
0-0: Foul Ball, location: 2F 0-1: Ball 1-1: Foul Ball, location: 2F 1-2: Fly out, F5 (Line Drive, 5, EV 67.5 MPH)
|
| Bottom of the 2nd over - 1 run, 1 hit, 0 errors, 1 left on base; Cocoa 1 - Lakeland 1 |
| TOP OF THE 3RD |
|
Cocoa Flyers batting - Pitching for Lakeland Pilots : RHP Emilio Bejar
|
|
Batting: RHB Lorenzo Quintanilla
|
0-0: Called Strike 0-1: Swinging Strike 0-2: Strikes out looking
|
|
Batting: LHB Gary Robertson
|
0-0: Swinging Strike 0-1: Ball 1-1: Ball 2-1: Foul Ball, location: 2F 2-2: Ball 3-2: Base on Balls
|
|
Batting: RHB Larry McNutt
|
0-0: Foul Ball, location: 2F 0-1: Ball 1-1: Foul Ball, location: 2F 1-2: Strikes out swinging
|
|
Batting: LHB Shanie Dugas
|
0-0: Called Strike 0-1: Fly out, F8 (Flyball, 8RXD, EV 96.3 MPH)
|
| Top of the 3rd over - 0 runs, 0 hits, 0 errors, 1 left on base; Cocoa 1 - Lakeland 1 |
| BOTTOM OF THE 3RD |
|
Lakeland Pilots batting - Pitching for Cocoa Flyers : RHP Ken Pryce
|
|
Batting: RHB Alex Sanchez
|
0-0: Ball 1-0: SINGLE (Groundball, 6S, EV 73.8 MPH) (infield hit)
|
|
Batting: RHB Nick Capra
|
0-0: Ball 1-0: Ball 2-0: Fly out, F8 (Flyball, 8LS, EV 86.3 MPH)
|
|
Batting: RHB Dave C Anderson
|
0-0: Ball Alex Sanchez steals 2nd base 1-0: Foul Ball, location: 2F 1-1: Foul Ball, location: 2F 1-2: Foul Ball, location: 2F 1-2: Ball 2-2: Foul Ball, location: 2F 2-2: Ball 3-2: Fly out, F3 (Popup, 34S, EV 78.1 MPH)
|
|
Batting: SHB Mike D Young
|
0-0: Called Strike 0-1: Ball 1-1: Fly out, F8 (Flyball, 8RS, EV 90.6 MPH)
|
| Bottom of the 3rd over - 0 runs, 1 hit, 0 errors, 1 left on base; Cocoa 1 - Lakeland 1 |
| TOP OF THE 4TH |
|
Cocoa Flyers batting - Pitching for Lakeland Pilots : RHP Emilio Bejar
|
|
Batting: RHB Johnny Salery
|
0-0: Called Strike 0-1: Ball 1-1: Called Strike 1-2: Strikes out swinging, 2-3 out at first.
|
|
Batting: RHB Jorge Diaz
|
0-0: Ball 1-0: Called Strike 1-1: Ground out 3-1 (Groundball, 34S, EV 89.4 MPH)
|
|
Batting: RHB Miguel Dominguez
|
0-0: Ball 1-0: Swinging Strike 1-1: SINGLE (Groundball, 56D, EV 102.5 MPH)
|
|
Batting: RHB David McClure
|
0-0: Called Strike 0-1: Ball 1-1: Swinging Strike 1-2: Foul Ball, location: 2F 1-2: Strikes out swinging
|
| Top of the 4th over - 0 runs, 1 hit, 0 errors, 1 left on base; Cocoa 1 - Lakeland 1 |
| BOTTOM OF THE 4TH |
|
Lakeland Pilots batting - Pitching for Cocoa Flyers : RHP Ken Pryce
|
|
Batting: LHB Mike Laga
|
0-0: SOLO HOME RUN (Line Drive, 89XD, EV 103.1 MPH), Distance : 399 ft
|
|
Batting: LHB Randy S Johnson
|
0-0: Ball 1-0: Called Strike 1-1: Swinging Strike 1-2: Foul Ball, location: 2F 1-2: Strikes out swinging
|
|
Batting: RHB Rusty Tillman
|
0-0: SINGLE (Line Drive, 78S, EV 110.0 MPH)
|
|
Batting: LHB Larry Ray
|
0-0: Ball 1-0: Ball 2-0: Called Strike 2-1: Fielders Choice at 2nd, 5-4 (Groundball, 56, EV 89.4 MPH)
|
|
Batting: RHB Juan Espino
|
Pickoff Throw to First - Error! E1 Larry Ray to second 0-0: Foul Ball, location: 2F 0-1: Ball 1-1: Swinging Strike 1-2: Ball 2-2: Fly out, F7 (Flyball, 78M, EV 88.8 MPH)
|
| Bottom of the 4th over - 1 run, 2 hits, 1 error, 1 left on base; Cocoa 1 - Lakeland 2 |
| TOP OF THE 5TH |
|
Cocoa Flyers batting - Pitching for Lakeland Pilots : RHP Emilio Bejar
|
|
Batting: RHB Danny Arroyo
|
0-0: Ball 1-0: Called Strike 1-1: Foul Ball, location: 2F 1-2: Ball 2-2: Ball 3-2: Ground out 6-3 (Groundball, 6, EV 83.1 MPH)
|
|
Batting: RHB Lorenzo Quintanilla
|
0-0: Ground out 5-3 (Groundball, 56, EV 81.3 MPH)
|
|
Batting: LHB Gary Robertson
|
0-0: Ground out 4-3 (Groundball, 4, EV 93.1 MPH)
|
| Top of the 5th over - 0 runs, 0 hits, 0 errors, 0 left on base; Cocoa 1 - Lakeland 2 |
| BOTTOM OF THE 5TH |
|
Lakeland Pilots batting - Pitching for Cocoa Flyers : RHP Ken Pryce
|
|
Batting: RHB Alex Sanchez
|
0-0: Ball 1-0: Foul Ball, location: 2F 1-1: Fly out, F2 (Popup, 2RF, EV 89.4 MPH)
|
|
Batting: RHB Nick Capra
|
0-0: Ball 1-0: Called Strike 1-1: Ball 2-1: Ball 3-1: Foul Ball, location: 2F 3-2: Ground out 1-3 (Groundball, 34S, EV 68.8 MPH)
|
|
Batting: RHB Dave C Anderson
|
0-0: Ball 1-0: Foul Ball, location: 2F 1-1: Foul Ball, location: 2F 1-2: SINGLE (Groundball, 4MD, EV 93.8 MPH)
|
|
Batting: SHB Mike D Young
|
0-0: Swinging Strike 0-1: Ball 1-1: DOUBLE (Line Drive, 8LXD, EV 109.4 MPH) Dave C Anderson to third Runner from 3rd tries for Home, SAFE, throw by CF to home
|
|
Batting: LHB Mike Laga
|
0-0: Foul Ball, location: 2F 0-1: Foul Ball, location: 2F 0-2: Ball 1-2: Ball 2-2: Foul Ball, location: 2F 2-2: Fly out, F9 (Flyball, 89D, EV 105.6 MPH)
|
| Bottom of the 5th over - 1 run, 2 hits, 0 errors, 1 left on base; Cocoa 1 - Lakeland 3 |
| TOP OF THE 6TH |
|
Cocoa Flyers batting - Pitching for Lakeland Pilots : RHP Emilio Bejar
|
|
Batting: RHB Larry McNutt
|
0-0: Ball 1-0: Called Strike 1-1: Foul Ball, location: 2F 1-2: Fly out, F3 (Popup, 3F, EV 69.4 MPH)
|
|
Batting: LHB Shanie Dugas
|
0-0: Ball 1-0: Foul Ball, location: 2F 1-1: Ball 2-1: Ground out 6-3 (Groundball, 6, EV 100.0 MPH)
|
|
Batting: RHB Johnny Salery
|
0-0: Ball 1-0: Fly out, F9 (Flyball, 9LM, EV 76.3 MPH)
|
| Top of the 6th over - 0 runs, 0 hits, 0 errors, 0 left on base; Cocoa 1 - Lakeland 3 |
| BOTTOM OF THE 6TH |
|
Lakeland Pilots batting - Pitching for Cocoa Flyers : RHP Ken Pryce
|
|
Batting: LHB Randy S Johnson
|
0-0: Ball 1-0: Called Strike 1-1: Called Strike 1-2: Ball 2-2: Fly out, F9 (Flyball, 89D, EV 100.0 MPH)
|
|
Batting: RHB Rusty Tillman
|
0-0: Ball 1-0: Ball 2-0: Swinging Strike 2-1: Foul Ball, location: 2F 2-2: Ball 3-2: Foul Ball, location: 2F 3-2: Strikes out swinging
|
|
Batting: LHB Larry Ray
|
0-0: Foul Ball, location: 2F 0-1: Ball 1-1: Ball 2-1: Ball 3-1: Called Strike 3-2: Foul Ball, location: 2F 3-2: Ground out 6-3 (Groundball, 6S, EV 81.9 MPH)
|
| Bottom of the 6th over - 0 runs, 0 hits, 0 errors, 0 left on base; Cocoa 1 - Lakeland 3 |
| TOP OF THE 7TH |
|
Cocoa Flyers batting - Pitching for Lakeland Pilots : RHP Emilio Bejar
|
|
Batting: RHB Jorge Diaz
|
0-0: Called Strike 0-1: Ball 1-1: Foul Ball, location: 2F 1-2: Ball 2-2: Ball 3-2: SINGLE (Line Drive, 5D, EV 100.6 MPH)
|
|
Batting: RHB Miguel Dominguez
|
0-0: Bunted foul 0-1: Bunt missed! 0-2: Ball 1-2: Fly out, F9 (Flyball, 9S, EV 87.5 MPH)
|
|
Batting: RHB David McClure
|
0-0: Ball 1-0: Called Strike 1-1: Ball 2-1: Called Strike 2-2: Strikes out swinging
|
|
Batting: RHB Danny Arroyo
|
0-0: Ball Jorge Diaz steals 2nd, throwing error, E2 Jorge Diaz to third 1-0: Foul Ball, location: 2F 1-1: Hit by Pitch
|
|
Batting: RHB Lorenzo Quintanilla
|
0-0: Swinging Strike 0-1: Swinging Strike 0-2: Foul Ball, location: 2F 0-2: Strikes out swinging
|
| Top of the 7th over - 0 runs, 1 hit, 1 error, 2 left on base; Cocoa 1 - Lakeland 3 |
| BOTTOM OF THE 7TH |
|
Lakeland Pilots batting - Pitching for Cocoa Flyers : RHP Ken Pryce
|
|
Batting: RHB Juan Espino
|
0-0: Ball 1-0: Swinging Strike 1-1: Ball 2-1: Ball 3-1: Called Strike 3-2: Foul Ball, location: 2F 3-2: Base on Balls
|
|
Batting: RHB Alex Sanchez
|
0-0: Bunt missed! 0-1: Sac Bunt to 3S - play at first, batter OUT! 3-4 Juan Espino to second
|
|
Pitching: RHP Kenneth Rabun
|
|
|
Batting: RHB Nick Capra
|
0-0: Ball 1-0: Ground out 4-3 (Groundball, 4, EV 90.6 MPH) Juan Espino to third
|
|
Batting: RHB Dave C Anderson
|
0-0: Foul Ball, location: 2F 0-1: Called Strike 0-2: Ball 1-2: Fly out, F8 (Line Drive, 8LD, EV 86.9 MPH)
|
| Bottom of the 7th over - 0 runs, 0 hits, 0 errors, 1 left on base; Cocoa 1 - Lakeland 3 |
| TOP OF THE 8TH |
|
Cocoa Flyers batting - Pitching for Lakeland Pilots : RHP Emilio Bejar
|
|
Batting: LHB Gary Robertson
|
0-0: Fly out, F6 (Popup, 6D, EV 55.6 MPH)
|
|
Batting: RHB Larry McNutt
|
0-0: Called Strike 0-1: Fly out, F9 (Flyball, 9, EV 86.3 MPH)
|
|
Batting: LHB Shanie Dugas
|
0-0: Foul Ball, location: 2F 0-1: Ball 1-1: Foul Ball, location: 2F 1-2: Foul Ball, location: 2F 1-2: Strikes out swinging
|
| Top of the 8th over - 0 runs, 0 hits, 0 errors, 0 left on base; Cocoa 1 - Lakeland 3 |
| BOTTOM OF THE 8TH |
|
Lakeland Pilots batting - Pitching for Cocoa Flyers : RHP Kenneth Rabun
|
|
Batting: SHB Mike D Young
|
0-0: Ball 1-0: Fly out, F8 (Flyball, 8LXD, EV 90.0 MPH)
|
|
Batting: LHB Mike Laga
|
0-0: Ball 1-0: DOUBLE (Line Drive, 3D, EV 109.4 MPH)
|
|
Batting: LHB Randy S Johnson
|
0-0: Intentional Walk
|
|
Batting: RHB Rusty Tillman
|
0-0: Ball 1-0: Fly out, F7 (Line Drive, 7, EV 85.6 MPH)
|
|
Batting: LHB Larry Ray
|
0-0: Called Strike 0-1: Ball 1-1: Foul Ball, location: 2F 1-2: Strikes out swinging
|
| Bottom of the 8th over - 0 runs, 1 hit, 0 errors, 2 left on base; Cocoa 1 - Lakeland 3 |
| TOP OF THE 9TH |
|
Cocoa Flyers batting - Pitching for Lakeland Pilots : RHP Emilio Bejar
|
|
Pitching: RHP Joe Boever
|
|
|
Batting: RHB Johnny Salery
|
0-0: Swinging Strike 0-1: Foul Ball, location: 2F 0-2: Foul Ball, location: 2F 0-2: Strikes out swinging, 2-3 out at first.
|
|
Batting: RHB Jorge Diaz
|
0-0: Called Strike 0-1: Ball 1-1: Ball 2-1: Ball 3-1: Foul Ball, location: 2F 3-2: Foul Ball, location: 2F 3-2: Ground out 6-3 (Groundball, 6, EV 79.4 MPH)
|
|
Batting: RHB Miguel Dominguez
|
0-0: Called Strike 0-1: Ball 1-1: Ball 2-1: SINGLE (Groundball, 34D, EV 95.0 MPH)
|
|
Pinch Hitting: LHB Clint Hurdle
|
0-0: Foul Ball, location: 2F 0-1: Called Strike 0-2: Foul Ball, location: 2F 0-2: Ball 1-2: Strikes out swinging
|
| Top of the 9th over - 0 runs, 1 hit, 0 errors, 1 left on base; Cocoa 1 - Lakeland 3 |
|